 Dungeon Crawl Stone Soup version 0.28-a0-1286-g6bde065e89 (webtiles) character file.

Game seed: 8283902368046272662

828 avis the Slicer (level 8, -8/48 HPs)
             Began as a Kobold Berserker on Dec 26, 2021.
             Was a Believer of Trog.
             Mangled by a slime creature (10 damage)
             ... on level 5 of the Dungeon.
             The game lasted 00:19:56 (5112 turns).

avis the Slicer (Kobold Berserker)                  Turns: 5112, Time: 00:19:57

Health: -8/48      AC:  4    Str: 15    XL:     8   Next: 18%
Magic:  8/8        EV: 15    Int:  8    God:    Trog [**....]
Gold:   151        SH:  0    Dex: 16    Spells: 7/7 levels left

rFire   . . .      SeeInvis .   b - +1 short sword (vamp)
rCold   . . .      Faith    .   (shield restricted)
rNeg    . . .      Spirit   .   h - +0 leather armour
rPois   .          Reflect  .   (no helmet)
rElec   .          Harm     .   E - +0 cloak
rCorr   .          Rampage  .   (no gloves)
Will    +....                   (no boots)
Stlth   +++++.....              (no amulet)
HPRegen 0.16/turn               H - ring of willpower
MPRegen 0.11/turn               (no ring)

@: hasted, very quick
A: small, no large weapons, nightstalker 3
a: Renounce Religion, Berserk, Trog's Hand


You were on level 5 of the Dungeon.
You worshipped Trog.
Trog was pleased with you.
You visited 1 branch of the dungeon, and saw 5 of its levels.

You collected 173 gold pieces.
You spent 22 gold pieces at shops.

Inventory:

Hand Weapons
 a - a +2 dagger of venom
 b - a +1 vampiric short sword (weapon)
 w - a +0 dagger of holy wrath
 y - a +1 vorpal falchion
Missiles
 c - 170 stones (quivered)
 i - 25 sling bullets
 v - 69 arrows
 A - 2 throwing nets
 B - 17 bolts
 F - a curare-tipped dart
 G - 22 poisoned darts
Armour
 h - a +0 leather armour (worn)
 E - a +0 cloak (worn)
Jewellery
 H - a ring of willpower (left hand)
Wands
 p - a wand of digging (4)
Scrolls
 d - a scroll of fear {unknown}
 e - a scroll of amnesia {unknown}
 f - a scroll of fog {unknown}
 l - a scroll of enchant weapon {unknown}
 m - a scroll of magic mapping {unknown}
 n - a scroll of noise {unknown}
 s - a scroll of vulnerability {unknown}
 t - a scroll of brand weapon {unknown}
 x - a scroll of torment {unknown}
 z - 3 scrolls of identify
 C - a scroll of teleportation {unknown}
Potions
 g - a potion of haste
 j - 2 potions of resistance {unknown}
 k - 2 potions of might {unknown}
 o - 2 potions of curing {unknown}
 r - a potion of lignification {unknown}
 u - 2 potions of flight {unknown}
 D - a potion of berserk rage {unknown}


   Skills:
 - Level 4.0 Fighting
 * Level 9.0 Short Blades
 - Level 1.5 Armour
 - Level 3.0 Dodging
 + Level 7.7 Stealth


You had 7 spell levels left.
You didn't know any spells.
Your spell library was empty.

Dungeon Overview and Level Annotations

Branches:
Dungeon (5/15)
 Temple: D:4-7

Altars:
Uskayaw

Shops:
D:1 *

Annotations:
D:4 3 runed translucent doors, ReploidZero's ghost, amateur DjCj


Innate Abilities, Weirdness & Mutations

You are small and have problems with some larger weapons.
You are completely attuned to the shadows.


Message History

There is an open door here.
Found a hobgoblin skeleton and a bat skeleton.
Found a hobgoblin skeleton.
You see here a bat skeleton.
The slime creature quivers.
There is an open door here.
You see here a +0 dagger.
You hit the slime creature.
The slime creature is lightly wounded.
You hit the slime creature.
The slime creature is lightly wounded.
The slime creature hits you but does no damage.
You hit the slime creature.
The slime creature is lightly wounded.
The slime creature hits you!!
You hit the slime creature but do no damage.
The slime creature is lightly wounded.
You hit the slime creature.
You feel better.
The slime creature is lightly wounded.
The slime creature hits you!
You hit the slime creature but do no damage.
The slime creature is lightly wounded.
The slime creature barely misses you.
You puncture the slime creature!
You feel better.
The slime creature is moderately wounded.
You completely miss the slime creature.
The slime creature is moderately wounded.
The slime creature hits you!
* * * LOW HITPOINT WARNING * * *
You hit the slime creature.
The slime creature is moderately wounded.
The slime creature completely misses you.
You hit the slime creature.
The slime creature is moderately wounded.
You hit the slime creature.
The slime creature is heavily wounded.
The slime creature hits you!
* * * LOW HITPOINT WARNING * * *
You feel yourself speed up. The slime creature hits you!
You die...

#.....÷.. #÷.....÷.
#.......J #########
#...÷J... #.......#
#........ #.#####.#
##'####### #.#####.#
##)..J..###....##.#
########J##.##.##.#
#....'.@###.##.##.#
#....#### #.......#
#.......# #......##
#.......# #.##.#.#
#.......# #)##>#:#
#.......###.##...##
##.....###........##
##...## #####.###.##
##'''#### #.## ##.#


You could see a slime creature.

Vanquished Creatures
  A slime creature (D:5)
  An ogre (D:4)
  4 kobold brigands (D:5)
  A scorpion (D:4)
  A centaur zombie (D:3)
  2 jellies (D:5)
  4 gnolls
  3 adders (D:2)
  An orc (D:4)
  6 ball pythons
  7 endoplasms
  5 giant cockroaches
  6 hobgoblins
  3 quokkas
  4 bats
  2 frilled lizards
  4 goblins
  12 kobolds
  6 rats
73 creatures vanquished.

Vanquished Creatures (others)
  5 fungi (D:5)
  9 toadstools (D:5)
14 creatures vanquished.

Grand Total: 87 creatures vanquished

Notes
Turn   | Place    | Note
-------+----------+-------------------------------------------
     0 | D:1      | avis the Kobold Berserker began the quest for the Orb.
     0 | D:1      | Reached XP level 1. HP: 14/14 MP: 1/1
    56 | D:1      | Found Lucwoe's General Store.
   208 | D:1      | Reached skill level 1 in Stealth
   233 | D:1      | Reached XP level 2. HP: 8/19 MP: 2/2
   518 | D:1      | Found a faded altar of an unknown god.
  1151 | D:1      | Bought a scroll of identify for 22 gold pieces
  1337 | D:2      | Reached XP level 3. HP: 23/23 MP: 3/3
  1585 | D:2      | Reached ** piety under Trog
  1811 | D:2      | Reached XP level 4. HP: 23/28 MP: 4/4
  2405 | D:3      | Reached skill level 5 in Short Blades
  2625 | D:3      | Found a hide-covered altar of Uskayaw.
  2946 | D:3      | Reached XP level 5. HP: 32/32 MP: 5/5
  3444 | D:4      | Reached skill level 5 in Stealth
  3759 | D:4      | Reached skill level 6 in Short Blades
  3759 | D:4      | Reached XP level 6. HP: 37/37 MP: 6/6
  4154 | D:4      | Noticed an ogre
  4158 | D:4      | Killed an ogre
  4237 | D:4      | Found a runed translucent gate.
  4242 | D:4      | Found a runed translucent gate.
  4243 | D:4      | Found a runed translucent gate.
  4244 | D:4      | Noticed ReploidZero's ghost (amateur DjCj)
  4328 | D:5      | Entered Level 5 of the Dungeon
  4478 | D:5      | Reached skill level 7 in Short Blades
  4478 | D:5      | Reached XP level 7. HP: 41/41 MP: 7/7
  4753 | D:5      | Noticed a slime creature
  4754 | D:5      | Noticed a slime creature
  4772 | D:5      | Killed a slime creature
  4773 | D:5      | Reached skill level 8 in Short Blades
  4773 | D:5      | Reached XP level 8. HP: 40/48 MP: 8/8
  4978 | D:5      | Reached skill level 9 in Short Blades
  5111 | D:5      | HP: 2/48 [slime creature (10)]
  5112 | D:5      | Mangled by a slime creature

Illustrated notes

Levels and vault maps discovered:
D:1:      onia_arrival_pentagram, layout_basic,
          hellmonk_ecumenical_altar_run_dry, serial_shops,
          nicolae_lakefront_shop, chequers_serial_rivers_micro_b,
          serial_bayou_pond_d, hangedman_decor_push, minmay_worlds_worst_comb
D:2:      layout_basic, minmay_misc_feat_iff
D:3:      layout_basic, mainiacjoe_overflow_brackets, minmay_cut_off
D:4:      layout_basic, gammafunk_ghost_split
D:5:      cheibrodos_fertilizer, layout_loops_cross,
          lemuel_zombie_altar_yredelemnul, uniq_crazy_yiuf_cottage

Skill      XL: |  1  2  3  4  5  6  7  8 |
---------------+-------------------------+-----
Stealth        | 1 2 3 4 5 6 7 |  7.7
Short Blades   | 5 6 7 8 9 |  9.0
Dodging        | 3 |  3.0
Fighting       | 4 |  4.0
Armour         | |  1.5

Action                   |  1- 3 |  4- 6 |  7- 9 || total
-------------------------+-------+-------+-------++-------
Melee: Short sword       |    38 |       |    31 ||    69
       Dagger            |    35 |    70 |    34 ||   139
Evoke: Wand              |       |     2 |     2 ||     4
  Use: Scroll            |     1 |       |       ||     1
       Potion            |       |       |     1 ||     1
 Stab: Sleeping          |    12 |    11 |     2 ||    25
       Distracted        |       |     1 |     1 ||     2
Armor: Animal skin       |     2 |       |       ||     2
       Leather armour    |     4 |     8 |     6 ||    18
Dodge: Dodged            |    39 |    24 |    15 ||    78

Table legend: (Time is in decaauts)
 A = Elapsed time spent in this place.
 B = Non-inter-level travel time spent in this place.
 C = Inter-level travel time spent in this place.
 D = Time resting spent in this place.
 E = Time spent auto-exploring this place.
 F = Levels seen in this place.
 G = Mean time per level.
                   A        B        C        D        E       F      G
               +--------+--------+--------+--------+--------+-----+--------+
         Total |   5069 |   4460 |    609 |   1184 |   2450 |   5 | 1013.8 |
       Dungeon |   5069 |   4460 |    609 |   1184 |   2450 |   5 | 1013.8 |
               +--------+--------+--------+--------+--------+-----+--------+

Top non-repeatable levels by time:
     D:1: 1318 daAuts
     D:4: 1161 daAuts
     D:3: 1048 daAuts
     D:2: 1016 daAuts
     D:5: 524 daAuts
